Map: Tokamak LE

Players

AbImis

  • Race: Zerg Zerg
  • League: Diamond
  • Spawn Location: 1:00

ManlyManMeat - Winner!

  • Race: Zerg Zerg
  • League: Diamond
  • Spawn Location: 7:00

VOD

Have the link to the VOD?

Description

Time

  • Played on: July 6, 2025, 7:52 a.m.
  • Length: 14:28
Show
View Real Time Build Order
Export as new Build Order

AbImis Zerg 

Build Orders: Hatch First 

Get SALT Encoding   

  12  0:00  Drone  
  13  0:12  Overlord  
  13  0:16  Drone  
  14  0:30  Drone x2  
  14  0:34  Drone  
  17  0:50  Hatchery  
  17  0:54  Drone  
  18  0:57  Drone  
  18  1:09  Extractor  
  17  1:12  Spawning Pool  
  17  1:15  Drone  
  17  1:19  Drone  
  18  1:28  Drone  
  19  1:41  Overlord  
  19  1:59  Queen  
  19  2:00  Drone x2  
  23  2:03  Queen  
  23  2:04  Drone  
  26  2:16  Drone x2  
  26  2:22  Drone  
  29  2:39  Queen  
  29  2:40  Overlord  
  29  2:41  Drone x2  
  33  2:54  Drone x2  
  33  2:55  Drone  
  36  3:02  Lair  
  36  3:17  Roach Warren  
  35  3:20  Drone  
  35  3:21  Drone x8  
  35  3:24  Extractor  
  43  3:31  Drone  
  44  3:35  Extractor x2  
  44  3:36  Overlord  
  42  3:49  Drone x2  
  42  3:51  Overlord  
  44  4:01  Drone x4  
  48  4:13  Roach x4  
  56  4:18  Glial Reconstitution  
  56  4:27  Evolution Chamber  
  56  4:29  Evolution Chamber  
  52  4:47  Overlord x3  
  52  4:48  Overlord x2  
  52  4:58  Zerg Ground Armor Level 1, Zerg Missile Weapons Level 1  
  52  5:06  Drone  
  53  5:07  Roach x3  
  53  5:09  Ravager x3  
  53  5:12  Ravager  
  63  5:17  Drone x2  
  65  5:24  Hatchery  
  64  5:28  Roach  
  64  5:29  Roach x6  
  78  5:36  Queen  
  80  5:44  Roach  
  80  5:45  Roach  
  80  5:49  Overlord x2  
  84  5:55  Roach x2  
  84  5:56  Roach x2  
  92  6:10  Roach x4  
  97  6:25  Ravager  
  98  6:26  Ravager x2  
  98  6:31  Drone x4  
  104  6:45  Overlord x3  
  102  6:58  Zerg Ground Armor Level 2, Zerg Missile Weapons Level 2  
  102  7:10  Roach  
  102  7:11  Roach x8  
  112  7:18  Roach x4  
  112  7:19  Roach x2  
  111  7:26  Roach x3  
  91  7:50  Roach  
  91  7:51  Roach x8  
  104  8:11  Infestation Pit  
  103  8:13  Ravager  
  103  8:14  Ravager  
  103  8:16  Overlord x3  
  103  8:18  Drone x3  
  103  8:19  Drone x3  
  111  8:21  Extractor  
  111  8:22  Extractor  
  111  8:25  Drone  
  110  8:34  Roach x8  
  110  8:35  Roach x3  
  120  8:48  Roach x2  
  118  8:49  Queen, Roach  
  118  8:50  Queen  
  126  9:00  Ravager  
  126  9:01  Ravager  
  126  9:02  Ravager  
  129  9:05  Zergling x16  
  129  9:06  Zergling x8  
  141  9:31  Infestor x2  
  141  9:36  Drone x2  
  141  9:37  Drone x4  
  151  9:51  Roach  
  151  9:52  Hatchery, Roach  
  143  10:01  Zerg Melee Weapons Level 1  
  129  10:13  Roach  
  131  10:14  Roach x12  
  153  10:26  Metabolic Boost  
  152  10:37  Ravager  
  153  10:53  Overlord x4  
  153  10:54  Overlord x5  
  151  11:27  Spire  
  103  11:47  Roach  
  103  11:48  Roach x17  
  103  11:49  Roach x4  
  131  12:02  Roach x4  
  139  12:20  Hydralisk Den  
  139  12:21  Hive  
  138  12:22  Ravager  
  138  12:23  Ravager x2  
  138  12:24  Ravager  
  138  12:25  Ravager  
  138  12:26  Ravager  
  138  12:28  Infestor x3  
  150  12:33  Zergling x18  
  159  12:46  Overseer  
  159  12:48  Overseer  
  137  13:13  Hydralisk x3  
  137  13:14  Hydralisk x9  
  160  13:29  Hydralisk x5  
  170  13:40  Drone x8  
  170  13:41  Drone x8  
Show
View Real Time Build Order
Export as new Build Order

ManlyManMeat Zerg - Winner!

Build Orders: Hatch First 

Get SALT Encoding   

  12  0:00  Drone  
  13  0:08  Drone  
  13  0:13  Extractor  
  13  0:15  Drone  
  15  0:22  Overlord  
  15  0:42  Drone  
  16  0:49  Hatchery  
  15  0:51  Drone  
  15  0:54  Drone  
  17  0:58  Drone  
  18  1:09  Extractor  
  17  1:15  Spawning Pool  
  17  1:17  Drone  
  17  1:21  Drone  
  18  1:34  Drone  
  18  1:38  Drone  
  20  2:02  Queen x2  
  20  2:03  Zergling x4  
  20  2:07  Overlord  
  26  2:11  Metabolic Boost  
  26  2:16  Drone  
  26  2:18  Drone  
  28  2:29  Drone x2  
  30  2:43  Hatchery  
  29  2:51  Baneling Nest  
  28  3:01  Drone x4  
  28  3:03  Overlord  
  32  3:08  Overlord  
  32  3:17  Queen  
  34  3:26  Drone x2  
  36  3:35  Roach Warren  
  36  3:37  Drone x3  
  36  3:39  Drone  
  39  3:45  Drone x2  
  39  3:48  Zergling x4  
  43  4:04  Drone x8  
  51  4:12  Lair  
  51  4:13  Evolution Chamber  
  51  4:15  Drone  
  50  4:31  Roach x4  
  57  4:43  Zerg Missile Weapons Level 1  
  55  4:46  Extractor x2  
  55  4:48  Extractor  
  55  4:50  Drone  
  55  4:51  Overlord x2  
  55  4:52  Overlord  
  53  4:56  Drone x3  
  53  4:57  Evolution Chamber  
  55  5:03  Drone x2, Overlord  
  55  5:04  Overlord  
  55  5:05  Overlord  
  57  5:11  Glial Reconstitution  
  57  5:13  Roach  
  59  5:17  Drone x2  
  59  5:18  Drone  
  59  5:20  Drone x4  
  66  5:25  Drone x3  
  69  5:33  Zerg Ground Armor Level 1  
  69  5:39  Roach  
  69  5:42  Roach x2  
  75  5:45  Roach  
  75  5:46  Roach  
  79  5:51  Roach  
  79  5:52  Roach  
  79  5:56  Roach x2  
  87  5:58  Roach  
  85  6:09  Roach x5  
  93  6:15  Roach x2  
  97  6:20  Drone  
  97  6:21  Extractor  
  97  6:22  Overlord x2, Extractor  
  97  6:23  Overlord  
  97  6:24  Overlord  
  96  6:29  Ravager x2  
  96  6:32  Overlord x3  
  98  6:43  Drone x2  
  98  6:44  Drone x2  
  98  6:45  Roach x4  
  110  6:53  Roach  
  112  7:03  Roach x3  
  117  7:11  Queen  
  113  7:22  Roach x5  
  113  7:23  Roach x3  
  103  7:34  Roach x3  
  103  7:35  Queen  
  105  7:37  Zerg Missile Weapons Level 2  
  105  7:43  Roach x4  
  107  7:54  Roach x4  
  115  8:06  Roach x3  
  121  8:14  Overlord x2  
  121  8:20  Roach  
  121  8:21  Hatchery, Roach x7  
  130  8:38  Roach  
  130  8:39  Roach x8  
  112  8:49  Roach x4  
  112  8:54  Drone x3  
  118  9:03  Ravager  
  118  9:04  Ravager  
  118  9:05  Ravager  
  118  9:07  Roach x7  
  135  9:11  Zerg Ground Armor Level 2  
  135  9:23  Roach  
  135  9:24  Roach x4  
  145  9:37  Roach x7  
  159  9:48  Roach x4  
  155  10:01  Roach x7  
  148  10:11  Roach x4  
  147  10:18  Drone x4  
  151  10:37  Roach x6  
  151  10:38  Roach x2  
  167  10:46  Overlord x4  
  163  11:31  Roach x9  
  163  11:32  Roach x12  
  183  11:44  Roach x6  
  156  12:00  Roach  
  156  12:01  Roach x10  
  160  12:11  Overseer  
  160  12:12  Overseer  
  160  12:25  Ravager x8  
  160  12:26  Ravager, Roach  
  160  12:27  Roach x10  
  191  12:39  Overlord x3  
  186  13:00  Roach x4  
  186  13:01  Roach x3  
  198  13:10  Roach x8  
  193  13:14  Roach x4  
  193  13:18  Infestation Pit  
  194  13:43  Hydralisk Den  
  194  13:44  Roach x2  
  185  14:09  Roach x11  
Tags
 
Add a new tag
Caveats
  • Supply blocks, unpowered buildings, or Contaminate may cause inaccurate times.
  • Supply counts are checked every 10 seconds.